 Dungeon Crawl Stone Soup version 0.22.0-27-ga576289 (webtiles) character file.

59 Faca the Shooter (level 3, 0/46 HPs)
             Began as a Centaur Hunter on Aug 23, 2018.
             Succumbed to an adder's poison
             ... on level 2 of the Dungeon.
             The game lasted 00:02:31 (1499 turns).

Faca the Shooter (Centaur Hunter)                   Turns: 1499, Time: 00:02:32

Health: 0/46       AC: 21    Str: 11 (14) XL:     3   Next: 78%
Magic:  3/3        EV:  1    Int:  9 (10) God:
Gold:   76         SH:  0    Dex:  9 (10) Spells: 2/2 levels left

rFire    . . .     SeeInvis +   b - +0 short sword
rCold    . . .     Gourm    .   (no shield)
rNeg     + + +     Faith    .   (armour currently unavailable)
rPois    +         Spirit   .   (helmet currently unavailable)
rElec    .         Reflect  .   (cloak currently unavailable)
rCorr    .         Harm     .   (gloves currently unavailable)
MR       .....     NoTele   +   (no barding)
Stlth    +.........             (no amulet)
HPRegen  0.15/turn              (no ring)
MPRegen  0.08/turn              (no ring)

@: lethally poisoned (0 -> -5), tree-form
A: large, see invisible
a: no special abilities


You were on level 2 of the Dungeon.
You were not hungry.
You were a tree.
You visited 1 branch of the dungeon, and saw 2 of its levels.

You collected 76 gold pieces.

Inventory:

Hand Weapons
 a - a +1 shortbow
 b - a +0 short sword (weapon)
Missiles
 d - 20 arrows
Armour
 l - a +0 ring mail (melded)
Scrolls
 e - a scroll of remove curse {unknown}
 j - a scroll of magic mapping {unknown}
 k - a scroll of identify {unknown}
Comestibles
 f - 2 rations


   Skills:
 + Level 3.2 Fighting
 + Level 6.3 Bows
 - Level 1.3 Dodging
 - Level 0.4 Stealth


You had 2 spell levels left.
You didn't know any spells.
Your spell library was empty.

Dungeon Overview and Level Annotations

Branches:
Dungeon (2/15)

Altars:


Innate Abilities, Weirdness & Mutations

((You have hooves in place of feet.))
((Armour fits poorly on your strangely shaped body.))
((You cover ground very quickly.))
((You have extremely tough skin. (AC +3)))
((You have sharp fingernails.))
You have supernaturally acute eyesight. (SInv)


Message History

You feel sick.
The adder bites you but does no damage. x2
You closely miss the adder.
The adder is almost dead.
* * * LOW HITPOINT WARNING * * *
You feel sick. The adder bites you.
* * * LOW HITPOINT WARNING * * *
You hit the adder.
You kill the adder!
It was a potion of degeneration.
There was something very wrong with that liquid.
You feel weakened.
You feel dopey.
You feel clumsy.
* * * LOW HITPOINT WARNING * * *
You feel sick.
It was a potion of mutation.
You feel extremely strange.
Your fingernails lengthen.
Your vision sharpens.
* * * LOW HITPOINT WARNING * * *
You feel sick.
There is a lethal amount of poison in your body!
There is a lethal amount of poison in your body!
You die...

##############
#....♣.......# ##
#.####''####.# .######
#.# ...... .##...#
####.# ....!..# ......#
#....#..♣..♣..#
..#...###.##.+........+
..#.#.....##.+........+
#..#.#########. ♣..♣[.#
#..#.#


There were no monsters in sight!

Vanquished Creatures
  3 adders (D:2)
  A shadow imp (D:2)
  2 worms (D:2)
  A ball python (D:2)
  A giant cockroach (D:2)
  5 goblins (D:1)
  3 hobgoblins
  2 bats (D:1)
  A rat (D:1)
19 creatures vanquished.

Vanquished Creatures (others)
  An adder (D:2)
  A dart slug (D:2)
2 creatures vanquished.

Grand Total: 21 creatures vanquished

Notes
Turn   | Place    | Note
-------+----------+-------------------------------------------
     0 | D:1      | Faca the Centaur Hunter began the quest for the Orb.
     0 | D:1      | Reached XP level 1. HP: 17/17 MP: 1/1
   232 | D:1      | Reached XP level 2. HP: 4/25 MP: 2/2
  1091 | D:2      | Reached skill level 6 in Bows
  1091 | D:2      | Reached XP level 3. HP: 12/30 MP: 3/3
  1494 | D:2      | HP: 2/46 [adder (1)]
  1497 | D:2      | Gained mutation: You have sharp fingernails. [potion of mutation]
  1497 | D:2      | Gained mutation: You have supernaturally acute eyesight. (SInv) [potion of mutation]
  1499 | D:2      | Succumbed to an adder's poison

Skill      XL: |  1  2  3 |
---------------+----------+-----
Bows           | 6 |  6.3
Fighting       | 3 |  3.2
Dodging        | |  1.3
Stealth        | |  0.4

Action                   || total
-------------------------++-------
Melee: Short sword       ||    85
       Kick              ||    14
 Fire: Shortbow          ||     4
  Use: Potion            ||     3
  Eat: Chunk             ||     1
Armor: Leather armour    ||    30
       Ring mail         ||     7
       Skin              ||     3
Dodge: Dodged            ||    32
